 Dungeon Crawl Stone Soup version 0.27.1-3-gb3d3a73c9e (webtiles) character file.

Game seed: 10090969399495851403

13288 Eitelfritz the Zephyrmancer (level 12, 0/66 HPs)
             Began as a Tengu Air Elementalist on Oct 11, 2021.
             Was a Priest of Vehumet.
             Shot with an arrow by Nessos (2 damage)
             ... on level 12 of the Dungeon on Oct 12, 2021.
             The game lasted 01:08:17 (12489 turns).

Eitelfritz the Zephyrmancer (TeAE)                 Turns: 12489, Time: 01:08:18

Health: 0/66       AC: 12    Str: 12    XL:     12   Next: 4%
Magic:  19/26      EV: 17    Int: 19    God:    Vehumet [***...]
Gold:   624        SH:  0    Dex: 16    Spells: 1/30 levels left

rFire    + . .     SeeInvis .   a - staff of conjuration
rCold    . . .     Faith    .   (no shield)
rNeg     . . .     Spirit   .   q - +1 leather armour of Eternal Vigilance {rElec Regen+ Stlth-}
rPois    +         Reflect  .   (helmet restricted)
rElec    +         Harm     .   s - +1 cloak {Stlth+}
rCorr    .         Rampage  .   G - +0 pair of gloves
Will     .....                  (boots unavailable)
Stlth    +++.......             z - amulet of regeneration
HPRegen  2.21/turn              w - ring of protection from fire
MPRegen  0.20/turn              e - ring of Rigoni {rPois AC+4 Str+3}

@: flying quickly and evasively, quick
A: beak, talons 3, nimble flight
a: Renounce Religion


You were on level 12 of the Dungeon.
You worshipped Vehumet.
Vehumet was most pleased with you.
You visited 2 branches of the dungeon, and saw 13 of its levels.

You collected 624 gold pieces.

Inventory:

Hand Weapons
 b - a +3 spectral quarterstaff
Missiles
 x - a throwing net
Armour
 q - the +1 leather armour of Eternal Vigilance (worn) {rElec Regen+ Stlth-}
   (You found it on level 5 of the Dungeon)

   rElec:     It insulates you from electricity.
   Regen:     It increases your rate of health regeneration.
   Stlth:     It makes you less stealthy.
 s - a +1 cloak of stealth (worn)
 G - a +0 pair of gloves (worn)
 H - a scarf of resistance
Magical Staves
 a - a staff of conjuration (weapon)
Jewellery
 e - the ring of Rigoni (right hand) {rPois AC+4 Str+3}
   (You acquired it on level 5 of the Dungeon)

   [ring of protection]

   AC:        It affects your AC (+4).
   Str:       It affects your strength (+3).
   rPois:     It protects you from poison.
 f - a ring of protection from cold
 m - a ring of fire
 w - a ring of protection from fire (left hand)
 z - an amulet of regeneration (around neck)
Wands
 o - a wand of flame (33)
 r - a wand of paralysis (12)
 C - a wand of mindburst (14)
 E - a wand of digging (5)
Scrolls
 i - a scroll of fear
 l - 2 scrolls of vulnerability
 n - 2 scrolls of magic mapping
 t - 2 scrolls of fog
 y - 2 scrolls of identify
 B - 2 scrolls of amnesia
 D - a scroll of teleportation
 F - a scroll of enchant armour
Potions
 c - 2 potions of curing
 g - 3 potions of brilliance
 h - a potion of haste
 j - 2 potions of berserk rage
 k - a potion of magic
 p - 2 potions of attraction
 u - a potion of resistance
 v - 2 potions of might {unknown}
 A - a potion of lignification
 I - a potion of invisibility {unknown}


   Skills:
 + Level 3.6 Fighting
 + Level 1.0(2.3) Polearms
 + Level 3.4(3.5) Staves
 + Level 4.5 Armour
 + Level 5.9 Dodging
 + Level 4.7 Stealth
 + Level 9.7 Spellcasting
 + Level 11.6 Conjurations
 + Level 0.4 Summonings
 + Level 12.1 Air Magic
 + Level 2.3 Poison Magic


You had one spell level left.
You knew the following spells:

 Your Spells              Type           Power      Damage    Failure   Level
a - Shock                 Conj/Air       100%       1d9       1%          1
b - Static Discharge      Conj/Air       69%        N/A       1%          2
c - Swiftness             Air            53%        N/A       1%          3
d - Mephitic Cloud        Conj/Pois/Air  59%        N/A       1%          3
e - Corpse Rot            Necr/Air       N/A        N/A       1%          2
f - Poisonous Vapours     Pois/Air       72%        N/A       1%          2
g - Airstrike             Air            26%        N/A       1%          4
h - Summon Lightning Spi  Summ/Air       33%        N/A       8%          4
i - Freezing Cloud        Conj/Ice/Air   28%        6-21      3%          5
j - Stone Arrow           Conj/Erth      94%        3d12      1%          3

Your spell library contained the following spells:

 Spells                   Type           Power      Damage    Failure   Level
 Magic Dart               Conj           100%       1d8       1%          1
 Pain                     Necr           36%        1d5       10%         1
 Call Imp                 Summ           11%        N/A       12%         2
 Slow                     Hex            9%         N/A       14%         2
 Orb of Destruction       Conj           34%        9d12      17%         7
 Summon Guardian Golem    Hex/Summ       10%        N/A       26%         3
 Confusing Touch          Hex            9%         N/A       28%         3
 Ozocubu's Armour         Ice            9%         N/A       28%         3
 Vampiric Draining        Necr           4%         2d6       28%         3
 Cause Fear               Hex            4%         N/A       67%         4
 Maxwell's Capacitive Co  Air            26%        ∞         71%         8
 Spellforged Servitor     Conj/Summ      24%        N/A       82%         7
 Agony                    Necr           9%         N/A       95%         5
 Excruciating Wounds      Necr           4%         N/A       95%         5
 Metabolic Englaciation   Hex/Ice        4%         N/A       95%         5
 Dispersal                Tloc           4%         N/A       100%        6
 Simulacrum               Ice/Necr       4%         N/A       100%        6
 Dragon Form              Tmut           4%         N/A       100%        7
 Storm Form               Tmut/Air       16%        N/A       100%        7
 Disjunction              Tloc           4%         N/A       100%        8
 Dragon's Call            Summ           5%         N/A       100%        9


Dungeon Overview and Level Annotations

Branches:
Dungeon (12/15)            Temple (1/1) D:7            Lair (0/6) D:10
    Orc (0/2) D:9

Altars:
Ashenzari
Cheibriados
Dithmenos
Elyvilon
Fedhas
Gozag
Hepliaklqana
Kikubaaqudgha
Makhleb
Nemelex Xobeh
Okawaru
Qazlal
Ru
Sif Muna
Trog
Uskayaw
Vehumet
Wu Jian
Xom
Yredelemnul
Zin
The Shining One
Beogh

Shops:
D:6 [   D:9 :   D:10 (

Annotations:
D:12 Nessos


Innate Abilities, Weirdness & Mutations

You have a beak for a mouth.
You have claws for feet.
Your magical nature lets you fly swiftly and evasively.


Message History

You feel sick.
You start resting.
You feel sick.
Nessos shoots an arrow.
The arrow misses you.
Press: ? - help, v - describe, . - travel
Here: Nessos, wielding a +2 longbow of flaming, wearing a +0 barding of flying and quivering arrows (lightly wounded, fast, very poisoned)
The floor.
Unknown command.
Casting: Poisonous Vapours (safe; 1% risk of failure)
Confirm with . or Enter, or press ? or * to list all spells.
An electric hum fills the air.
You feel sick.
Nessos shoots an arrow.
The arrow hits you.
* * * LOW HITPOINT WARNING * * *
The arrow burns you.
You are more poisoned.
* * * LOW HITPOINT WARNING * * *
You feel much better.
You feel very sick.
Nessos blinks!
Nessos shoots an arrow.
The arrow hits you!! The arrow burns you.
You are lethally poisoned!
* * * LOW HITPOINT WARNING * * *
Your lightning spire shoots out a bolt of lightning at Nessos!
The bolt of electricity hits Nessos! x2
The bolt of electricity hits your lightning spire.
Your lightning spire completely resists.
Press: ? - help, v - describe, . - travel
Here: Nessos, wielding a +2 longbow of flaming, wearing a +0 barding of flying and quivering arrows (moderately wounded, fast, poisoned, ally target)
The floor.
Unknown command.
You feel better.
Nessos shoots an arrow.
The arrow hits you!
* * * LOW HITPOINT WARNING * * *
You are poisoned.
Nessos shoots an arrow.
The arrow hits you.
* * * LOW HITPOINT WARNING * * *
The arrow burns you.
* * * LOW HITPOINT WARNING * * *
You feel better.
Nessos shoots an arrow.
The arrow closely misses you.
Nessos shoots an arrow.
The arrow hits you!!
* * * LOW HITPOINT WARNING * * *
The arrow burns you.
You die...

## #.......#.######### ..
#.#.##.##.....§...#
.########.##.##..c......#
.#..}.#^...#.# >........#
.#.##.#.#..#.###....(≈..#
.#.#....##...#......≈...#
.#.#.....#.###..........#
...#...#.#†# #..##.....##
.####....#.# #8.@+.....#
...#######'###c###.....#
...... #......# ######
##.##.# #...#### ... #
#...# #### #...# #...#
#...# #...#


You could see Nessos (fast, poisoned, ally target) and a friendly lightning
spire (summoned).

Vanquished Creatures
  A two-headed ogre (D:9)
  Nergalle (D:11)
  A slime creature (D:12)
  A cyclops (D:11)
  A gargoyle (D:11)
  An unseen horror (D:10)
  A queen bee (D:11)
  3 trolls
  A hornet (D:10)
  A meliai zombie (D:11)
  A shadow (D:12)
  A vampire (D:10)
  2 wyverns
  20 yaks
  4 vampire mosquitoes (D:12)
  Menkaure (D:7)
  A water moccasin (D:6)
  11 orc warriors
  A sky beast (D:7)
  5 ogres
  A necrophage (D:7)
  2 centaurs
  A phantom (D:6)
  6 kobold brigands
  3 bullfrogs
  Blork the orc (D:4)
  A wyvern skeleton (D:6)
  10 killer bees (D:11)
  9 wights
  9 howler monkeys
  2 bullfrog zombies (D:6)
  2 centaur zombies
  The ghost of kalagan the Conjurer, a weakling DECj (D:3)
  Crazy Yiuf (D:6)
  4 hounds
  5 orc priests
  A bullfrog skeleton (D:5)
  A centaur skeleton (D:6)
  2 iguanas
  10 orc wizards
  2 killer bee zombies
  A hound skeleton (D:5)
  A howler monkey zombie (D:9)
  5 adders
  A white imp (D:8)
  An adder skeleton (D:3)
  3 worms
  47 orcs
  2 endoplasms
  7 giant cockroaches
  5 goblins
  6 hobgoblins
  3 jackals (D:5)
  3 quokkas
  A ball python (D:3)
  A bat (D:1)
  3 frilled lizards
  30 kobolds
  7 rats
260 creatures vanquished.

Vanquished Creatures (collateral kills)
  A boulder beetle (D:11)
  An acid dragon (D:11)
2 creatures vanquished.

Vanquished Creatures (others)
  4 plants (D:11)
4 creatures vanquished.

Grand Total: 266 creatures vanquished

Notes
Turn   | Place    | Note
-------+----------+-------------------------------------------
     0 | D:1      | Eitelfritz the Tengu Air Elementalist began the quest for
                  | the Orb.
     0 | D:1      | Reached XP level 1. HP: 10/10 MP: 4/4
   292 | D:1      | Reached XP level 2. HP: 15/15 MP: 4/6
   539 | D:1      | Found a faded altar of an unknown god.
  1123 | D:2      | Reached XP level 3. HP: 9/19 MP: 0/7
  1406 | D:2      | Found an iron altar of Okawaru.
  1449 | D:2      | Learned a level 2 spell: Static Discharge
  1453 | D:2      | Learned a level 3 spell: Swiftness
  1588 | D:3      | Found a runed translucent gate.
  1588 | D:3      | Found a runed translucent gate.
  1590 | D:3      | Found a runed translucent gate.
  1590 | D:3      | Noticed kalagan's ghost (weakling DECj)
  1935 | D:3      | Reached skill level 5 in Air Magic
  2003 | D:3      | Reached XP level 4. HP: 18/24 MP: 5/8
  2386 | D:3      | Found a blossoming altar of Fedhas.
  2704 | D:3      | Identified a scroll of acquirement
  2704 | D:3      | Acquired a staff of conjuration
  2833 | D:4      | Gained mutation: Your magical nature lets you fly swiftly
                  | and evasively. [Tengu growth]
  2833 | D:4      | Reached XP level 5. HP: 28/28 MP: 1/9
  3086 | D:4      | Found a hazy altar of Hepliaklqana.
  3333 | D:4      | Learned a level 3 spell: Mephitic Cloud
  3495 | D:4      | Noticed Blork the orc
  3506 | D:4      | Killed Blork the orc
  3507 | D:4      | Reached skill level 1 in Fighting
  3507 | D:4      | Reached XP level 6. HP: 31/34 MP: 1/11
  3595 | D:4      | Found a shimmering blue altar of Sif Muna.
  3654 | D:3      | Reached skill level 1 in Polearms
  3654 | D:3      | Reached skill level 6 in Air Magic
  3723 | D:3      | Killed kalagan's ghost
  3825 | D:5      | Entered Level 5 of the Dungeon
  3960 | D:5      | Reached XP level 7. HP: 38/38 MP: 8/13
  3961 | D:5      | Identified the +1 leather armour of Eternal Vigilance
                  | {rElec Regen+ Stlth-}
  3974 | D:5      | Found a sacrificial altar of Ru.
  4213 | D:5      | Reached skill level 1 in Armour
  4213 | D:5      | Reached skill level 5 in Conjurations
  4646 | D:5      | Found a basalt altar of Yredelemnul.
  4657 | D:5      | Learned a level 2 spell: Corpse Rot
  4660 | D:5      | Learned a level 2 spell: Poisonous Vapours
  4709 | D:5      | Acquired the ring of Rigoni {rPois AC+4 Str+3}
  4972 | D:6      | Reached skill level 7 in Air Magic
  4972 | D:6      | Reached XP level 8. HP: 41/43 MP: 1/15
  5308 | D:6      | Found a snail-covered altar of Cheibriados.
  5573 | D:6      | Found Paapint's Armour Emporium.
  5630 | D:6      | Reached skill level 5 in Spellcasting
  5630 | D:6      | Reached skill level 1 in Poison Magic
  5789 | D:6      | Found a runed translucent door.
  5790 | D:6      | Noticed Crazy Yiuf
  5795 | D:6      | Killed Crazy Yiuf
  5975 | D:7      | Found a glowing golden altar of the Shining One.
  6215 | D:7      | Found a staircase to the Ecumenical Temple.
  6332 | D:7      | Noticed Menkaure
  6338 | D:7      | Killed Menkaure
  6339 | D:7      | Reached skill level 8 in Air Magic
  6339 | D:7      | Reached XP level 9. HP: 39/47 MP: 11/18
  6561 | D:7      | Learned a level 4 spell: Airstrike
  6693 | D:7      | Reached skill level 1 in Staves
  6798 | Temple   | Entered the Ecumenical Temple
  7605 | D:8      | Found a radiant altar of Vehumet.
  7624 | D:8      | Found a shadowy altar of Dithmenos.
  8313 | D:9      | Reached skill level 9 in Air Magic
  8386 | D:9      | Found an ancient bone altar of Kikubaaqudgha.
  8509 | D:8      | Became a worshipper of Vehumet
  8605 | D:9      | Noticed a two-headed ogre
  8678 | D:9      | Reached XP level 10. HP: 53/53 MP: 2/21
  8698 | D:9      | Reached skill level 10 in Air Magic
  8818 | D:9      | Reached * piety under Vehumet
  8818 | D:9      | Offered knowledge of Foxfire by Vehumet.
  8829 | D:9      | Killed a two-headed ogre
  8963 | D:9      | Found Minod's Book Boutique.
  9002 | D:9      | Learned a level 4 spell: Summon Lightning Spire
  9410 | D:9      | Found a staircase to the Orcish Mines.
  9510 | D:9      | Reached skill level 5 in Dodging
  9529 | D:9      | Reached skill level 10 in Conjurations
  9833 | D:10     | Entered Level 10 of the Dungeon
 10052 | D:10     | Reached XP level 11. HP: 53/60 MP: 11/24
 10058 | D:10     | Reached ** piety under Vehumet
 10058 | D:10     | Offered knowledge of Searing Ray by Vehumet.
 10067 | D:10     | Learned a level 5 spell: Freezing Cloud
 10255 | D:10     | Reached skill level 11 in Air Magic
 10470 | D:10     | Found a staircase to the Lair.
 10509 | D:10     | Found a broken altar of Ashenzari.
 10692 | D:10     | Found Ruel Ugudgh's Weapon Shoppe.
 10708 | D:10     | Found a glowing silver altar of Zin.
 10939 | D:11     | Noticed a cyclops
 10945 | D:11     | Killed a cyclops
 11362 | D:11     | Noticed Nergalle
 11382 | D:11     | Killed Nergalle
 11413 | D:11     | Offered knowledge of Stone Arrow by Vehumet.
 11575 | D:11     | Reached *** piety under Vehumet
 11597 | D:11     | Noticed a boulder beetle
 11636 | D:11     | Killed a boulder beetle
 12138 | D:12     | Reached skill level 12 in Air Magic
 12271 | D:12     | Reached XP level 12. HP: 31/66 MP: 24/26
 12304 | D:12     | Learned a level 3 spell: Stone Arrow
 12475 | D:12     | Noticed Nessos
 12481 | D:12     | HP: 1/66 [Nessos/arrow (3)]
 12489 | D:12     | HP: 2/66 [Nessos/arrow (19)]
 12489 | D:12     | Shot with an arrow by Nessos

Illustrated notes

Levels and vault maps discovered:
D:1:      dpeg_arrival_windows_large_door, layout_loops_ring,
          ebering_ecumenical_altar_mist
D:2:      layout_basic, basic_altar
D:3:      cheibrodos_helix_gallery, layout_loops_cross,
          nicolae_overflow_crystal_walls, serial_rivers,
          chequers_serial_rivers_micro_b, chequers_serial_rivers_micro_c,
          chequers_serial_rivers_micro_e, chequers_serial_rivers_micro_b,
          gammafunk_ghost_split
D:4:      layout_cave_pools, tgw_sif, mainiacjoe_overflow_surrounded_room
D:5:      layout_rooms, kennysheep_mini_moat, nicolae_ru_path_of_blood
D:6:      layout_basic, mainiacjoe_overflow_chevrons, serial_shops,
          kennysheep_little_box, uniq_crazy_yiuf_cottage
D:7:      layout_cave_pools, overflow_temple_1_default, temple_statues,
          uniq_menkaure
D:8:      layout_layer_cave, amcnicky_altar_gilded,
          nicolae_dithmenos_through_a_glass_darkly
D:9:      minmay_evil_eye, layout_loops_ring, kiku_gazebo_pond_becter,
          david_orc_5, serial_shops, shop
D:10:     layout_loops_ring, mainiacjoe_overflow_paths, lemuel_tele_altar,
          lair_entry_dummy, serial_shops,
          nicolae_shop_temple_entry_statues_fountains
D:11:     layout_roguey, nicolae_looking_at_the_future, uniq_nergalle
D:12:     layout_basic, uniq_nessos, uniq_jorgrun
Temple:   zaba_magenta_temple

Skill      XL: |  1  2  3  4  5  6  7  8  9 10 11 |
---------------+----------------------------------+-----
Conjurations   | 3 4 5 7 9 10 11 | 11.6
Air Magic      | 5 6 7 8 9 10 12 | 12.1
Dodging        | 3 4 5 |  5.9
Fighting       | 1 3 |  3.6
Spellcasting   | 3 4 5 7 8 9 |  9.7
Polearms       | 1 |  1.0
Armour         | 2 3 4 |  4.5
Poison Magic   | 1 2 |  2.3
Stealth        | 3 4 |  4.7
Staves         | 1 2 3 |  3.4
Summonings     | |  0.4

Action                   |  1- 3 |  4- 6 |  7- 9 | 10-12 || total
-------------------------+-------+-------+-------+-------++-------
Melee: Unarmed           |     3 |       |       |       ||     3
       Spear             |    31 |    15 |       |       ||    46
       Kick              |     9 |       |    17 |    36 ||    62
       Peck              |     2 |     4 |    12 |    27 ||    45
       Staff             |       |     9 |    57 |   109 ||   175
       Quarterstaff      |       |       |       |    36 ||    36
 Cast: Shock             |    61 |    68 |   144 |   102 ||   375
       Static Discharge  |       |       |    49 |    92 ||   141
       Poisonous Vapours |       |       |    11 |     1 ||    12
       Mephitic Cloud    |       |       |     6 |    14 ||    20
       Summon Lightning  |       |       |       |     8 ||     8
       Corpse Rot        |       |       |       |     2 ||     2
       Airstrike         |       |       |       |     5 ||     5
  Use: Potion            |     1 |       |       |     6 ||     7
       Scroll            |       |     8 |    14 |     4 ||    26
 Stab: Sleeping          |     1 |     1 |       |       ||     2
       Confused          |       |       |       |     9 ||     9
       Distracted        |       |       |       |     1 ||     1
Armor: Robe              |     7 |     2 |       |       ||     9
       Leather armour    |       |     3 |    51 |    78 ||   132
Dodge: Dodged            |    27 |     8 |   100 |   249 ||   384
